 Dungeon Crawl Stone Soup version 0.23-a0-350-g6fd5563 (webtiles) character file.

5452 Garbasso the Basher (level 10, 0/64 HPs)
             Began as a Gargoyle Fighter on Oct 20, 2018.
             Was an Elder of Okawaru.
             Slain by a two-headed ogre
             ... wielding a +0 giant club
              (9 damage)
             ... on level 9 of the Dungeon.
             The game lasted 00:23:40 (7531 turns).

Garbasso the Basher (Gargoyle Fighter)              Turns: 7531, Time: 00:23:40

Health: 0/64       AC: 17    Str: 26    XL:     10   Next: 68%
Magic:  0/12       EV:  9    Int:  7    God:    Okawaru [****..]
Gold:   498        SH: 11    Dex:  9    Spells: 9/9 levels left

rFire    + + .     SeeInvis .   a - +2 flail (crush)
rCold    . . .     Gourm    .   c - +0 shield
rNeg     + . .     Faith    .   K - +1 ring mail of the Harvest {Str+3 Slay+3 Stlth-} (curse)
rPois    ∞         Spirit   +   (no helmet)
rElec    +         Reflect  .   D - +0 cloak
rCorr    +         Harm     .   q - +0 pair of gloves
MR       .....                  (no boots)
Stlth    ..........             M - amulet of guardian spirit
HPRegen  0.20/turn              B - ring "Eduts" {rPois rF++ Int-2}
MPRegen  0.13/turn              E - ring of resist corrosion

@: about to teleport
A: negative energy resistance 1, electricity resistance, unbreathing,
petrification resistance, rot immunity, AC +7
a: Heroism, Renounce Religion


You were on level 9 of the Dungeon.
You worshipped Okawaru.
Okawaru was greatly pleased with you.
You were not hungry.

You visited 1 branch of the dungeon, and saw 9 of its levels.

You collected 498 gold pieces.

Inventory:

Hand Weapons
 a - a +2 flail of crushing (weapon)
 b - a +0 hunting sling
 g - a +1 morningstar
 H - a +3 hand axe of flaming
Missiles
 r - 6 poisoned javelins (quivered)
 w - 39 sling bullets
Armour
 c - a +0 shield (worn)
 q - a +0 pair of gloves (worn)
 D - a +0 cloak (worn)
 K - the cursed +1 ring mail of the Harvest (worn) {Str+3 Slay+3 Stlth-}
   (You found it on level 7 of the Dungeon)

   It affects your strength (+3).
   It affects your accuracy and damage with ranged weapons and melee attacks
   (+3).
   It makes you less stealthy.
   It has a curse placed upon it.
Jewellery
 B - the ring "Eduts" (left hand) {rPois rF++ Int-2}
   (You found it on level 5 of the Dungeon)

   [ring of poison resistance]

   It affects your intelligence (-2).
   It greatly protects you from fire.
   It protects you from poison.
 E - a ring of resist corrosion (right hand)
 G - an uncursed amulet of magic regeneration {unknown}
 M - an amulet of guardian spirit (around neck)
Wands
 i - a wand of enslavement (22)
 o - a wand of flame (18)
 I - a wand of polymorph (6)
 J - a wand of paralysis (17)
Scrolls
 j - a scroll of remove curse
 n - a scroll of noise {unknown}
 p - 2 scrolls of identify
 s - a scroll of teleportation
 t - 4 scrolls of amnesia
 v - 2 scrolls of fog
 y - a scroll of fear
Potions
 d - a potion of might
 e - 3 potions of brilliance
 h - a potion of invisibility
 k - 2 potions of lignification
 l - 2 potions of haste
 m - 3 potions of curing
 u - a potion of magic
 x - 2 potions of resistance
 z - a potion of mutation {unknown}
 A - 2 potions of heal wounds {unknown}
 C - a potion of flight {unknown}
Comestibles
 f - 18 rations
 F - 11 chunks of flesh


   Skills:
 + Level 7.8 Fighting
 * Level 10.3 Maces & Flails
 - Level 0.7(1.0) Slings
 - Level 0.6(0.9) Throwing
 + Level 7.9 Armour
 - Level 1.1 Dodging
 + Level 7.7 Shields
 + Level 3.4 Invocations


You had 9 spell levels left.
You didn't know any spells.
Your spell library contained the following spells:

 Spells                   Type           Power        Failure   Level  Hunger
 Corona                   Hex            #......      86%         1    ##.....
 Magic Dart               Conj           #...         86%         1    ##.....
 Blink                    Tloc           N/A          95%         2    ###....
 Call Imp                 Summ           #.......     95%         2    ###....
 Ensorcelled Hibernation  Hex/Ice        #.....       95%         2    ###....
 Slow                     Hex            #.......     95%         2    ###....
 Confuse                  Hex            #.......     99%         3    ####...
 Conjure Flame            Conj/Fire      #.......     99%         3    ####...
 Dazzling Spray           Conj/Hex       #.....       99%         3    ####...
 Mephitic Cloud           Conj/Pois/Air  #.......     99%         3    ####...
 Tukima's Dance           Hex            #.......     99%         3    ####...
 Bolt of Magma            Conj/Fire/Erth #.........   100%        5    ######.
 Iskenderun's Battlesphe  Conj/Chrm      #.......     100%        5    ######.
 Venom Bolt               Conj/Pois      #.........   100%        5    ######.
 Iron Shot                Conj/Erth      #.........   100%        6    #######
 Orb of Destruction       Conj           #.........   100%        7    #######
 Spellforged Servitor     Conj/Summ      #.........   100%        7    #######


Dungeon Overview and Level Annotations

Branches:
Dungeon (9/15)             Temple (0/1) D:5
   Lair: D:8-11         Orc: D:9-12

Altars:
Ashenzari
Dithmenos
Elyvilon
Fedhas
Nemelex Xobeh
Okawaru
Ru
Sif Muna
Vehumet
Wu Jian
Xom
Yredelemnul

Shops:
D:7 *   D:8 (

Annotations:
D:2 Sigmund
D:6 1 runed door, feelmyfire's ghost, novice OpTm


Innate Abilities, Weirdness & Mutations

You are resistant to torment.
Your stone body is resilient. (AC +7)
You are immune to poison.
You resist negative energy. (rN+)
You are resistant to electric shocks. (rElec)
You can survive without breathing.
You are immune to petrification.
You are immune to rotting.


Message History

You are too injured to fight recklessly!
You hit the two-headed ogre.
The two-headed ogre is heavily wounded.
You block the two-headed ogre's attack.
The two-headed ogre hits you with a +0 giant club!
You barely miss the two-headed ogre.
The two-headed ogre is heavily wounded.
You hit the two-headed ogre but do no damage.
The two-headed ogre is heavily wounded.
The two-headed ogre hits you with a +0 giant club!
You block the two-headed ogre's attack.
You barely miss the two-headed ogre.
The two-headed ogre is heavily wounded.
You block the two-headed ogre's attack.
The two-headed ogre hits you with a +0 giant club!!
* * * LOW HITPOINT WARNING * * *
As you read the scroll of teleportation, it crumbles to dust.
You feel strangely unstable.
The two-headed ogre hits you with a +0 giant club!
You die...

#.#.......#.#########.....÷.
#.#.......#.# .... #.......
#.#'#######.# .... #.......
###...........# .....
#....... #.............#
..... #.......
#.............#......
#.......
#.###'######..#(.....
+.......
#.#...>....#..O......
#....... #.#........#.@#
....... #.#........+..#
#.##########..##'##
#...................
#...................
#######.[..######### #....#
#....# #....#


You could see a two-headed ogre.

Vanquished Creatures
  A two-headed ogre (D:9)
  A hornet (D:9)
  Grinder (D:5)
  3 hippogriffs
  A spriggan (D:7)
  A wyvern (D:9)
  Menkaure (D:6)
  A water moccasin (D:9)
  An orc warrior (D:8)
  An ice beast (D:6)
  2 sky beasts
  5 necrophages (D:7)
  2 ogres
  A phantom (D:7)
  A centaur (D:9)
  A big kobold (D:6)
  A bullfrog (D:7)
  A wyvern zombie (D:7)
  6 killer bees (D:9)
  12 wights
  4 bullfrog zombies
  A crimson imp (D:9)
  A centaur zombie (D:7)
  3 hounds
  A jelly (D:5)
  3 orc priests
  A bullfrog skeleton (D:8)
  2 iguanas
  Jessica (D:2)
  9 orc wizards
  Natasha (thrice) (D:2)
  4 worker ants
  4 mummies (D:7)
  2 hound skeletons
  3 worker ant zombies
  6 gnolls
  8 adders
  2 shadow imps
  3 adder zombies
  An adder skeleton (D:8)
  4 leopard geckos
  27 orcs
  5 bats
  4 giant cockroaches
  6 goblins
  5 hobgoblins
  13 jackals
  3 quokkas
  A ball python (D:4)
  4 frilled lizards
  8 kobolds
  A leopard gecko skeleton (D:6)
  A quokka zombie (D:9)
  A rat (D:3)
189 creatures vanquished.

Vanquished Creatures (collateral kills)
  A wight (D:8)
1 creature vanquished.

Vanquished Creatures (others)
  A wight (D:8)
1 creature vanquished.

Grand Total: 191 creatures vanquished

Notes
Turn   | Place    | Note
-------+----------+-------------------------------------------
     0 | D:1      | Garbasso the Gargoyle Fighter began the quest for the Orb.
     0 | D:1      | Reached XP level 1. HP: 14/14 MP: 1/1
   470 | D:1      | Reached XP level 2. HP: 19/19 MP: 2/2
   843 | D:2      | Reached XP level 3. HP: 17/23 MP: 3/3
   982 | D:2      | Noticed Natasha
   989 | D:2      | Killed Natasha
   989 | D:2      | Reached skill level 3 in Maces & Flails
  1100 | D:2      | Noticed Sigmund
  1316 | D:2      | Reached XP level 4. HP: 28/28 MP: 4/4
  1375 | D:2      | Noticed Natasha
  1376 | D:2      | Noticed Jessica
  1378 | D:2      | Killed Natasha
  1384 | D:2      | Killed Jessica
  1604 | D:2      | Noticed Natasha
  1616 | D:2      | Killed Natasha
  1616 | D:2      | Reached XP level 5. HP: 33/33 MP: 5/5
  2047 | D:3      | Found a shimmering altar of Xom.
  2047 | D:3      | Found a sparkling altar of Nemelex Xobeh.
  2127 | D:3      | You fall through a shaft for 3 floors!
  2175 | D:6      | Reached skill level 4 in Maces & Flails
  2237 | D:6      | Noticed Menkaure
  2300 | D:7      | Noticed a phantom
  2326 | D:7      | Killed a phantom
  2326 | D:7      | Reached skill level 1 in Dodging
  2326 | D:7      | Reached XP level 6. HP: 30/38 MP: 6/6
  2574 | D:6      | Reached skill level 5 in Maces & Flails
  2597 | D:6      | Killed Menkaure
  2597 | D:6      | Reached XP level 7. HP: 28/44 MP: 7/7
  2707 | D:5      | Entered Level 5 of the Dungeon
  2715 | D:5      | Noticed Grinder
  2719 | D:5      | Paralysed by Grinder for 3 turns
  2744 | D:5      | Killed Grinder
  2744 | D:5      | Reached skill level 6 in Maces & Flails
  2788 | D:5      | Found an iron altar of Okawaru.
  2798 | D:5      | Became a worshipper of Warmaster Okawaru
  2879 | D:5      | Got a sparkling steel ring
  2903 | D:5      | Identified the ring "Eduts" {rPois rF++ Int-2} (You found
                  | it on level 5 of the Dungeon)
  3089 | D:5      | Found a shattered altar of Ashenzari.
  3157 | D:5      | Reached XP level 8. HP: 42/48 MP: 8/8
  3217 | D:5      | Found a staircase to the Ecumenical Temple.
  3307 | D:4      | Reached skill level 5 in Armour
  3458 | D:4      | Reached skill level 5 in Fighting
  3735 | D:4      | Reached skill level 7 in Maces & Flails
  3735 | D:4      | Reached skill level 5 in Shields
  4653 | D:5      | Reached * piety under Okawaru
  4683 | D:5      | Found an ornate altar of the Wu Jian Council.
  5010 | D:6      | Found a runed door.
  5012 | D:6      | Noticed feelmyfire's ghost (novice OpTm)
  5345 | D:7      | Noticed a hippogriff
  5354 | D:7      | Killed a hippogriff
  5354 | D:7      | Reached skill level 8 in Maces & Flails
  5354 | D:7      | Reached XP level 9. HP: 39/55 MP: 9/9
  5505 | D:7      | Reached ** piety under Okawaru
  5716 | D:7      | Got an ichor-stained ring mail
  5727 | D:7      | Identified the cursed +1 ring mail of the Harvest {Str+3
                  | Slay+3 Stlth-} (You found it on level 7 of the Dungeon)
  5750 | D:7      | Reached skill level 9 in Maces & Flails
  5826 | D:7      | Found Catsouttouxt's General Store.
  6316 | D:8      | Reached *** piety under Okawaru
  6356 | D:8      | Found Kavaux's Weapon Boutique.
  6420 | D:8      | Reached skill level 1 in Invocations
  6420 | D:8      | Reached XP level 10. HP: 55/63 MP: 8/10
  7241 | D:9      | Reached **** piety under Okawaru
  7256 | D:9      | Found a radiant altar of Vehumet.
  7259 | D:9      | Found a deep blue altar of Sif Muna.
  7259 | D:9      | Found a blossoming altar of Fedhas.
  7259 | D:9      | Found a shadowy altar of Dithmenos.
  7261 | D:9      | Found a basalt altar of Yredelemnul.
  7261 | D:9      | Found a sacrificial altar of Ru.
  7262 | D:9      | Found a white marble altar of Elyvilon.
  7274 | D:9      | Reached skill level 10 in Maces & Flails
  7452 | D:9      | Noticed a two-headed ogre
  7459 | D:9      | Killed a two-headed ogre
  7523 | D:9      | Noticed a two-headed ogre
  7531 | D:9      | Slain by a two-headed ogre

Vault maps used:
D:1:      mrwooster_arrival_statue_2
D:2:      uniq_sigmund, uniq_natasha, uniq_jessica
D:3:      gammafunk_temple_overflow_pools, hex_tiny
D:5:      lemuel_coloured_pillars_altar, lemuel_doored_altar,
          minmay_temple_entry_trees, first_ration, okawaru_ov_weapons_minmay,
          uniq_grinder
D:6:      ebering_ghost_reflecting_pool, uniq_menkaure
D:7:      serial_undead, serial_undead_a, serial_undead_e, serial_undead_d,
          serial_undead_b, serial_undead_d, serial_undead_b, serial_undead_f,
          serial_shops, nicolae_shop_behind_doors, st_stairs_13, the_bakery,
          hangedman_glass_teeth
D:8:      serial_shops, kennysheep_mini_moat
D:9:      grunt_temple_overflow_open

Skill      XL: |  1  2  3  4  5  6  7  8  9 10 |
---------------+-------------------------------+-----
Maces & Flails | 3 4 5 6 8 9 10 | 10.3
Fighting       | 4 6 7 |  7.8
Armour         | 4 6 7 |  7.9
Dodging        | 1 |  1.1
Shields        | 4 5 6 7 |  7.7
Invocations    | 1 3 |  3.4
Slings         | |  0.7
Throwing       | |  0.6

Action                   |  1- 3 |  4- 6 |  7- 9 | 10-12 || total
-------------------------+-------+-------+-------+-------++-------
Melee: Flail             |    92 |   156 |   450 |   109 ||   807
       Morningstar       |       |       |     3 |       ||     3
 Fire: Hunting sling     |     8 |     1 |     9 |    19 ||    37
Throw: Javelin           |       |     8 |     2 |     4 ||    14
Evoke: Wand              |       |       |     1 |     4 ||     5
  Use: Scroll            |       |       |    17 |     2 ||    19
       Potion            |       |       |     1 |       ||     1
 Stab: Paralysed         |       |       |     5 |       ||     5
  Eat: Chunk             |     1 |     5 |     9 |     4 ||    19
       Ration            |       |       |     1 |       ||     1
Armor: Chain mail        |    77 |    94 |   269 |       ||   440
       Ring mail         |       |       |    31 |    42 ||    73
Dodge: Dodged            |    28 |    40 |   119 |    29 ||   216
Block: Shield            |    55 |    74 |   259 |    77 ||   465

Table legend:
 A = Non-vault XP
 B = Vault XP
 C = Vault XP percentage of total XP
 D = Non-vault monster count
 E = Vault monster count
 F = Vault count percentage of total count
                 A         B        C        D         E       F
            +---------+---------+-------+---------+---------+-------
      Total |    5589 |    2200 |  28.2 |     163 |      27 |  14.2
            +---------+---------+-------+---------+---------+-------
        D:1 |      17 |       0 |   0.0 |      11 |       0 |   0.0
        D:2 |     106 |      72 |  40.4 |      15 |       2 |  11.8
        D:3 |      69 |       0 |   0.0 |      11 |       0 |   0.0
        D:4 |     438 |       0 |   0.0 |      28 |       0 |   0.0
        D:5 |     364 |     272 |  42.8 |      17 |       1 |   5.6
        D:6 |     614 |     157 |  20.4 |      16 |       1 |   5.9
        D:7 |     418 |    1699 |  80.3 |      18 |      23 |  56.1
        D:8 |     907 |       0 |   0.0 |      24 |       0 |   0.0
        D:9 |    2656 |       0 |   0.0 |      23 |       0 |   0.0
            +---------+---------+-------+---------+---------+-------
